[Event "Titled Tuesday Blitz December 27 Early 2022"]
[White "Tworuszka, Michal"]
[Black "Stead, Kerry"]
[WhiteFideId "1117858"]
[BlackFideId "3202577"]
[WhiteElo "2260"]
[BlackElo "1908"]
[Result "0-1"]
[Round "03"]
[TimeControl "180+2"]
[Date "2022.12.27"]
[WhiteClock "0:00:10"]
[BlackClock "0:01:13"]

1. e4 c6 2. Nf3 d5 3. d3 dxe4 4. dxe4 Qxd1+ 5. Kxd1 Bg4 6. Nd2 Nd7 7. h3 Bh5 8. c3 e6 9. Nc4 Ngf6 10. Bd3 Nc5 11. Kc2 Nfxe4 12. Bxe4 Nxe4 13. Be3 Bg6 14. Kb3 Nc5+ 15. Bxc5 Bxc5 16. Nd4 a5 17. a4 O-O-O 18. Rad1 e5 19. Nxe5 Be4 20. f3 Bd5+ 21. Kc2 f6 22. Nd3 Bd6 23. Nf5 Bf8 24. Rhe1 g6 25. Ne7+ Bxe7 26. Rxe7 Rd7 27. Rde1 Rhd8 28. Nc5 Rxe7 29. Rxe7 b6 30. Na6 Rd7 31. Re8+ Kb7 32. Nb8 Rc7 33. b4 Rc8 34. Rxc8 Kxc8 35. Na6 Kb7 36. b5 cxb5 37. axb5 Bc4 0-1


[Site "https://www.chess.com"]

[Event "Titled Tuesday Blitz December 27 Early 2022"]
[White "Tymrakiewicz, Rafal"]
[Black "Tatarinov, Dmitry"]
[WhiteFideId "1108832"]
[BlackFideId "24160067"]
[WhiteElo "2144"]
[BlackElo "2310"]
[Result "0-1"]
[Round "03"]
[TimeControl "180+2"]
[Date "2022.12.27"]
[WhiteClock "0:00:07"]
[BlackClock "0:01:52"]

1. d4 d5 2. Bg5 c5 3. e3 Nc6 4. Nf3 Qb6 5. Nc3 e6 6. Na4 Qa5+ 7. c3 cxd4 8. exd4 Bd7 9. Bd3 h6 10. Bf4 Nf6 11. O-O Nxd4 12. Nxd4 Qxa4 13. Qe2 Be7 14. Rfe1 O-O 15. h3 Rfe8 16. Qe3 Bf8 17. Be5 Ne4 18. Bxe4 dxe4 19. Qg3 f5 20. f3 exf3 21. Qxf3 Bc6 22. Nxc6 Qxc6 23. Qxc6 bxc6 24. Red1 Red8 25. b4 Kf7 26. Kf2 Rd5 27. Rxd5 cxd5 28. a4 Rc8 29. b5 Bc5+ 30. Ke2 g5 31. Kd3 h5 32. a5 Kg6 33. Bd4 Bxd4 34. cxd4 Rb8 35. Rb1 f4 36. b6 axb6 37. axb6 Rb7 38. Rb5 Kf5 39. Rb1 g4 40. h4 g3 41. Rb2 Kg4 42. Ke2 f3+ 43. gxf3+ Kxh4 44. Kf1 Kh3 45. Kg1 h4 46. Rb3 g2 47. Rb2 Kg3 48. Rxg2+ Kxf3 49. Rb2 Ke4 50. Kg2 Kxd4 51. Kh3 Kc5 52. Kxh4 Rxb6 53. Rc2+ Kd6 54. Kg4 Rb4+ 55. Kf3 Rh4 56. Rc8 e5 57. Re8 Rh3+ 58. Ke2 e4 59. Kd2 Kc5 60. Ke2 Kd4 61. Kd2 Rh2+ 62. Ke1 Ke3 63. Kd1 d4 64. Rg8 d3 65. Rg3+ Kd4 66. Rg4 Kc3 67. Rxe4 Rh1+ 68. Re1 Rxe1+ 69. Kxe1 Kc2 0-1


[Site "https://www.chess.com"]

[Event "Titled Tuesday Blitz December 27 Early 2022"]
[White "Vakhlamov, Igor L."]
[Black "Slade, Theodore"]
[WhiteFideId "24126748"]
[BlackFideId "426547"]
[WhiteElo "2413"]
[BlackElo "1995"]
[Result "1-0"]
[Round "03"]
[TimeControl "180+2"]
[Date "2022.12.27"]
[WhiteClock "0:01:37"]
[BlackClock "0:00:54"]

1. e4 e5 2. Nf3 Nc6 3. Nc3 Nf6 4. Bb5 Nd4 5. Nxd4 exd4 6. e5 dxc3 7. exf6 Qxf6 8. dxc3 Bc5 9. O-O O-O 10. Qh5 d6 11. Bg5 Qg6 12. Qxg6 hxg6 13. Be7 c6 14. Bxf8 cxb5 15. Be7 Bf5 16. b4 Re8 17. bxc5 Rxe7 18. cxd6 Rd7 19. Rad1 Bxc2 20. Rd2 Bf5 21. Re1 Kf8 22. Re5 a6 23. Rc5 Ke8 24. Rc8+ Rd8 25. Rxd8+ Kxd8 26. f3 Kd7 27. Kf2 g5 28. Ke3 Kc6 29. f4 gxf4+ 30. Kxf4 Be6 31. h4 f6 32. g4 Kd7 33. g5 fxg5+ 34. Kxg5 Bf7 35. a3 Be8 36. Kf5 Bf7 37. Ke5 Bg8 38. Rf2 Ke8 39. Rg2 Kf8 40. d7 Ke7 41. Rxg7+ Kd8 42. Kd6 1-0


[Site "https://www.chess.com"]

[Event "Titled Tuesday Blitz December 27 Early 2022"]
[White "Van Foreest, Jorden"]
[Black "Avila Pavas, Santiago"]
[WhiteFideId "1039784"]
[BlackFideId "4437128"]
[WhiteElo "2689"]
[BlackElo "2522"]
[Result "0-1"]
[Round "03"]
[TimeControl "180+2"]
[Date "2022.12.27"]
[WhiteClock "0:00:06"]
[BlackClock "0:00:05"]

1. e4 Nf6 2. e5 Nd5 3. d4 d6 4. c4 Nb6 5. f4 dxe5 6. fxe5 Nc6 7. Be3 Bf5 8. Nc3 e6 9. Nf3 Be7 10. Be2 O-O 11. O-O f6 12. exf6 Bxf6 13. Qd2 Qe8 14. Rad1 Rd8 15. Qc1 Nb4 16. Rd2 Na4 17. a3 Nxc3 18. Qxc3 Nc6 19. b4 Bg4 20. b5 Ne7 21. h3 Bxf3 22. Bxf3 Nf5 23. Bf2 b6 24. Re1 Qg6 25. Re4 Rd6 26. c5 bxc5 27. Qxc5 Rfd8 28. Qxa7 h5 29. a4 Kh7 30. a5 e5 31. Qxc7 Nxd4 32. Bxd4 exd4 33. b6 Bg5 34. Rd3 Be3+ 35. Kh1 Qg3 36. Qc2 Qe1+ 37. Kh2 Bg1+ 38. Kh1 Be3+ 39. Kh2 Qg1+ 40. Kg3 Rg6+ 41. Bg4 Qe1+ 42. Kh2 Bg1+ 43. Kh1 Qxe4 44. Bf3 Qe1 45. Rd1 Qe3 46. Be4 d3 47. Bxd3 Rxd3 48. Rxd3 Qf2 49. Rd2 Qg3 50. Qc7 Qe1 51. g4 Bf2+ 52. Kg2 Qxd2 53. Qc4 Be3+ 54. Kf3 Qf2+ 55. Ke4 Qf4+ 56. Kd3 Rd6+ 57. Kc3 Bd2+ 58. Kb3 Qe3+ 59. Ka4 Rd4 60. Kb5 Rxc4 61. Kxc4 Bxa5 0-1


[Site "https://www.chess.com"]

[Event "Titled Tuesday Blitz December 27 Early 2022"]
[White "Viskelis, Darius"]
[Black "Belozerov, Andrei"]
[WhiteFideId "12800830"]
[BlackFideId "4120213"]
[WhiteElo "2166"]
[BlackElo "2461"]
[Result "0-1"]
[Round "03"]
[TimeControl "180+2"]
[Date "2022.12.27"]
[WhiteClock "0:00:07"]
[BlackClock "0:00:43"]

1. e4 c5 2. Nf3 Nc6 3. Bb5 g6 4. O-O Bg7 5. c3 Nf6 6. Re1 O-O 7. h3 e5 8. d4 cxd4 9. cxd4 Nxd4 10. Nxd4 exd4 11. Qxd4 d5 12. e5 Ne4 13. Nc3 Nxc3 14. Qxc3 d4 15. Qb3 Be6 16. Bc4 Bxc4 17. Qxc4 Rc8 18. Qb3 Qb6 19. Bd2 Rfe8 20. f4 Qxb3 21. axb3 Rc2 22. Red1 f6 23. Rxa7 fxe5 24. Rxb7 e4 25. Ba5 d3 26. Bc3 Bxc3 27. bxc3 e3 28. Rxd3 e2 29. Rdd7 e1=Q+ 30. Kh2 Rxg2+ 31. Kxg2 Re2+ 0-1


[Site "https://www.chess.com"]

[Event "Titled Tuesday Blitz December 27 Early 2022"]
[White "Volkov, Maksim"]
[Black "Ozen, Bahadir"]
[WhiteFideId "54123070"]
[BlackFideId "6337058"]
[WhiteElo "2258"]
[BlackElo "2369"]
[Result "0-1"]
[Round "03"]
[TimeControl "180+2"]
[Date "2022.12.27"]
[WhiteClock "0:00:04"]
[BlackClock "0:00:06"]

1. d4 d6 2. Nf3 Nf6 3. c4 Nbd7 4. Nc3 e5 5. g3 Be7 6. Bg2 O-O 7. O-O c6 8. Qc2 Re8 9. Bd2 Bf8 10. e4 a6 11. a4 a5 12. Rad1 exd4 13. Nxd4 Nc5 14. Rfe1 Qb6 15. h3 Bd7 16. Bg5 Be7 17. b3 h6 18. Be3 Rad8 19. Nce2 Bf8 20. f3 d5 21. cxd5 cxd5 22. Nc3 dxe4 23. fxe4 Be6 24. Nxe6 Qxe6 25. Nd5 Rc8 26. Qb2 Nfxe4 27. Kh2 f5 28. Nf4 Qxb3 29. Qd4 Qf7 30. Bg1 Kh7 31. Bf1 Qf6 32. Bb5 Qxd4 33. Rxd4 Red8 34. Red1 Rxd4 35. Rxd4 Be7 36. Kg2 Bf6 37. Rd5 g6 38. h4 h5 39. Bd4 Bxd4 40. Rxd4 Kg7 41. Rd5 Kf6 42. Be2 b6 43. Bf3 Rb8 44. Rd4 Ke5 45. Rd5+ Kf6 46. Rd1 Kf7 47. Rd5 Nxa4 48. Be2 Nac5 49. Bb5 a4 50. Rd1 a3 51. Rb1 Nc3 52. Bc4+ Kg7 53. Rc1 a2 54. Ra1 Ra8 55. Kf2 b5 56. Ne6+ Nxe6 57. Bxe6 b4 58. Ke3 Kf6 59. Bb3 Ra3 60. Bc4 Ne4+ 61. Kd4 Nxg3 62. Rxa2 Rxa2 63. Bxa2 Ne2+ 64. Ke3 Nc3 65. Bb3 Ke5 66. Bf7 Nd5+ 67. Kf3 Ne7 68. Bb3 Nc6 69. Bf7 Kf6 70. Ke3 Kxf7 0-1


[Site "https://www.chess.com"]

[Event "Titled Tuesday Blitz December 27 Early 2022"]
[White "Vovk, Orest"]
[Black "Araujo, Everson De Moura"]
[WhiteFideId "14113490"]
[BlackFideId "22737197"]
[WhiteElo "2315"]
[BlackElo "1944"]
[Result "1-0"]
[Round "03"]
[TimeControl "180+2"]
[Date "2022.12.27"]
[WhiteClock "0:01:26"]
[BlackClock "0:00:11"]

1. h4 d5 2. h5 e5 3. h6 Nxh6 4. d4 e4 5. Bxh6 gxh6 6. e3 Rg8 7. c4 c6 8. Nc3 Be6 9. Qb3 Qb6 10. c5 Qxb3 11. axb3 Nd7 12. b4 Rg6 13. b5 Be7 14. Nge2 f5 15. Nf4 Rf6 16. b4 Bf8 17. Nxe6 Rxe6 18. bxc6 bxc6 19. b5 Nf6 20. bxc6 Kd8 21. Ra6 Kc7 22. Nb5+ Kc8 23. Nxa7+ Rxa7 24. Rxa7 Rxc6 25. Bb5 Rc7 26. Ra8+ 1-0


[Site "https://www.chess.com"]

[Event "Titled Tuesday Blitz December 27 Early 2022"]
[White "Wagner, Dennis"]
[Black "Rangel, Daniel"]
[WhiteFideId "24650684"]
[BlackFideId "2124475"]
[WhiteElo "2595"]
[BlackElo "2207"]
[Result "1-0"]
[Round "03"]
[TimeControl "180+2"]
[Date "2022.12.27"]
[WhiteClock "0:01:55"]
[BlackClock "0:00:29"]

1. d4 d5 2. Nf3 Nf6 3. c4 c6 4. cxd5 cxd5 5. Nc3 g6 6. Bf4 Bg7 7. e3 O-O 8. h3 Nc6 9. Be2 a6 10. O-O b5 11. a4 b4 12. Nb1 a5 13. Nbd2 Ba6 14. Rc1 Bxe2 15. Qxe2 Qb6 16. Qb5 Qxb5 17. axb5 Nd8 18. b6 Ra6 19. Bc7 Ne6 20. b7 Nxc7 21. Rxc7 Rb6 22. Nb3 a4 23. Nc5 a3 24. bxa3 bxa3 25. Ra1 Ne4 26. Nd7 Rb2 27. Nxf8 a2 28. Rxa2 Rb1+ 29. Kh2 Bxf8 30. Ra8 Kg7 31. b8=Q Rxb8 32. Rxb8 e6 33. Ne5 Bd6 34. Rxf7+ Kh6 35. Rbb7 Ng5 36. Rfd7 Bxe5+ 37. dxe5 Ne4 38. Rxh7+ Kg5 39. f4+ Kf5 40. g4# 1-0


[Site "https://www.chess.com"]

[Event "Titled Tuesday Blitz December 27 Early 2022"]
[White "Wagner, Dinara"]
[Black "Steinberg, Nitzan"]
[WhiteFideId "24157570"]
[BlackFideId "2801795"]
[WhiteElo "2417"]
[BlackElo "2546"]
[Result "1-0"]
[Round "03"]
[TimeControl "180+2"]
[Date "2022.12.27"]
[WhiteClock "0:00:06"]
[BlackClock "0:00:07"]

1. Nf3 d5 2. d4 Nf6 3. c3 g6 4. g3 Bg7 5. Bg2 O-O 6. O-O b6 7. c4 c6 8. cxd5 cxd5 9. Nc3 Bb7 10. Ne5 e6 11. Bf4 Nfd7 12. Nf3 Nc6 13. Nb5 h6 14. Bd6 a6 15. Bxf8 Qxf8 16. Nc3 b5 17. a3 Rc8 18. Rc1 Nb6 19. e4 Na5 20. Ne5 Nac4 21. exd5 exd5 22. Nxc4 Nxc4 23. Nxd5 Rd8 24. Ne3 Bxd4 25. Qe2 Bxe3 26. Rxc4 Bxg2 27. Kxg2 bxc4 28. Qxe3 Qd6 29. Rc1 Rc8 30. Qe4 Qc5 31. Rc2 h5 32. h4 a5 33. Re2 Qb5 34. Qe7 a4 35. Qe5 Qb7+ 36. Qe4 Qb3 37. Qf4 c3 38. bxc3 Qxa3 39. Qf6 Qc5 40. Re7 Qd5+ 41. Kh2 a3 42. Ra7 a2 43. Qa6 Rxc3 44. Qxa2 Qf5 45. Qe2 Kh7 46. Qa2 Kg7 47. Qb2 Qf6 48. Ra6 Rc6 49. Qxf6+ Rxf6 50. Rxf6 Kxf6 51. Kg2 Kf5 52. Kf3 Ke5 53. Ke3 f6 54. Kf3 g5 55. Ke3 Kf5 56. Kf3 g4+ 57. Ke3 Ke5 58. Kd3 f5 59. Ke3 f4+ 60. Kd3 Kd5 61. gxf4 Kd6 62. Ke3 Kd5 63. Kd3 Kd6 64. Ke4 Ke6 65. f5+ Kf6 66. Kf4 Kf7 67. Kg5 Kg7 68. Kxh5 1-0


[Site "https://www.chess.com"]

[Event "Titled Tuesday Blitz December 27 Early 2022"]
[White "Wickramasinghe, Minethma Lasandi"]
[Black "Troltenier, Dirk"]
[WhiteFideId "9966170"]
[BlackFideId "4606400"]
[WhiteElo "1483"]
[BlackElo "2234"]
[Result "1-0"]
[Round "03"]
[TimeControl "180+2"]
[Date "2022.12.27"]
[WhiteClock "0:00:20"]
[BlackClock "0:00:08"]

1. e4 e5 2. Nf3 d6 3. d4 exd4 4. Nxd4 Nf6 5. Nc3 Be7 6. Bc4 O-O 7. O-O Re8 8. Re1 Nbd7 9. Bb3 Ne5 10. f3 c6 11. Bf4 Qc7 12. a4 a6 13. a5 Bd7 14. Qd2 Rad8 15. Na4 c5 16. Nf5 c4 17. Nxe7+ Rxe7 18. Nb6 cxb3 19. cxb3 Bc6 20. Rac1 Ree8 21. Bg5 Rb8 22. Bxf6 gxf6 23. Nd5 Qd8 24. Nf4 Ng6 25. Nh5 Qe7 26. Qh6 Qf8 27. Nxf6+ Kh8 28. Qxh7# 1-0


[Site "https://www.chess.com"]

[Event "Titled Tuesday Blitz December 27 Early 2022"]
[White "Xiong, Jeffery"]
[Black "Usmanov, Vasily"]
[WhiteFideId "2047640"]
[BlackFideId "4135741"]
[WhiteElo "2692"]
[BlackElo "2450"]
[Result "1-0"]
[Round "03"]
[TimeControl "180+2"]
[Date "2022.12.27"]
[WhiteClock "0:00:45"]
[BlackClock "0:00:12"]

1. b3 Nf6 2. Bb2 g6 3. Bxf6 exf6 4. c4 d5 5. cxd5 Qxd5 6. Nc3 Qa5 7. g3 h5 8. Nf3 Bg7 9. Bg2 f5 10. Rc1 c5 11. O-O O-O 12. d4 cxd4 13. Nxd4 Rd8 14. e3 Na6 15. Qe2 Rb8 16. Rfd1 Bd7 17. Nd5 Nb4 18. Qd2 Bf8 19. a3 Qxa3 20. Ra1 Qxa1 21. Rxa1 Nxd5 22. Bxd5 a6 23. Rc1 Be8 24. Bg2 Bg7 25. Rc7 Rd6 26. Rxb7 Rxb7 27. Bxb7 a5 28. Qxa5 1-0


[Site "https://www.chess.com"]

[Event "Titled Tuesday Blitz December 27 Early 2022"]
[White "Yeritsyan, Hayk"]
[Black "Toropov, Pavel"]
[WhiteFideId "13307320"]
[BlackFideId "24129178"]
[WhiteElo "2241"]
[BlackElo "2336"]
[Result "0-1"]
[Round "03"]
[TimeControl "180+2"]
[Date "2022.12.27"]
[WhiteClock "0:00:06"]
[BlackClock "0:00:06"]

1. d4 d5 2. Nf3 Nf6 3. c4 c6 4. Nc3 dxc4 5. e4 b5 6. e5 Nd5 7. Be2 e6 8. O-O Bb7 9. a4 Nd7 10. Ne4 h6 11. b3 cxb3 12. Qxb3 a6 13. Ba3 b4 14. Bb2 c5 15. Rac1 Rc8 16. Nfd2 Nf4 17. Bf3 Bd5 18. Qe3 g5 19. dxc5 Be7 20. Nd6+ Bxd6 21. exd6 Rg8 22. Ne4 g4 23. Qxf4 gxf3 24. g3 f5 25. Nd2 Qg5 26. Qxg5 hxg5 27. Bd4 Kf7 28. Rfe1 Rge8 29. Nc4 Bxc4 30. Rxc4 e5 31. Be3 Rc6 32. Bxg5 Rxc5 33. Rxb4 Rec8 34. h4 Ke6 35. h5 Rc4 36. Rxc4 Rxc4 37. h6 Nf8 38. Bf4 Rc5 39. Bxe5 Kf7 40. Bf4 Rd5 41. Re7+ Kf6 42. Re8 Nh7 43. Rh8 Kg6 44. Rg8+ Kf6 45. Rg7 Nf8 46. Ra7 Kg6 47. Rxa6 Nh7 48. d7+ Nf6 49. Ra7 Rd1+ 50. Kh2 Ng4+ 51. Kh3 Rh1# 0-1


[Site "https://www.chess.com"]

[Event "Titled Tuesday Blitz December 27 Early 2022"]
[White "Zaichenko, Daria"]
[Black "White, John S."]
[WhiteFideId "4197453"]
[BlackFideId "2502348"]
[WhiteElo "2104"]
[BlackElo "2235"]
[Result "1-0"]
[Round "03"]
[TimeControl "180+2"]
[Date "2022.12.27"]
[WhiteClock "0:00:19"]
[BlackClock "0:00:05"]

1. e4 c5 2. Nf3 e6 3. d4 cxd4 4. Nxd4 Nc6 5. Nc3 d6 6. Be3 Nf6 7. Nb3 Be7 8. Bd3 O-O 9. O-O Bd7 10. f4 Qc7 11. a4 b6 12. Qf3 Rac8 13. Nb5 Qb8 14. c3 e5 15. f5 Rfd8 16. g4 Be8 17. g5 Nd7 18. Bc4 Kh8 19. Qh3 a6 20. Na3 Nc5 21. Nxc5 bxc5 22. Rf2 Qb7 23. Raf1 Na5 24. g6 fxg6 25. fxg6 Bxg6 26. Bd5 Qc7 27. Rg2 Be8 28. Qe6 1-0


[Site "https://www.chess.com"]

[Event "Titled Tuesday Blitz December 27 Early 2022"]
[White "Zakhartsov, Vladimir"]
[Black "Levitskiy, Andrey"]
[WhiteFideId "4145097"]
[BlackFideId "14132885"]
[WhiteElo "2552"]
[BlackElo "2304"]
[Result "1/2-1/2"]
[Round "03"]
[TimeControl "180+2"]
[Date "2022.12.27"]
[WhiteClock "0:00:21"]
[BlackClock "0:00:08"]

1. e4 e6 2. d4 d5 3. Nd2 c5 4. exd5 Qxd5 5. dxc5 Nf6 6. Ngf3 Qxc5 7. Bd3 Bd6 8. Qe2 a6 9. Ne4 Nxe4 10. Qxe4 Qb4+ 11. Bd2 Qxe4+ 12. Bxe4 Nc6 13. O-O-O Bc5 14. Be3 Bxe3+ 15. fxe3 Bd7 16. Rd6 Ke7 17. Rhd1 Rhd8 18. g4 h6 19. h4 Be8 20. Rxd8 Rxd8 21. Rxd8 Nxd8 22. Kd2 Bc6 23. Kd3 f5 24. Bxc6 Nxc6 25. g5 hxg5 26. hxg5 e5 27. e4 Ke6 28. c3 Ne7 29. Nh4 b5 30. Nf3 Nc8 31. Nh4 Nd6 32. exf5+ Nxf5 33. Ng2 Nd6 34. Ne3 Nf7 35. Nc2 Nxg5 36. Nb4 e4+ 37. Ke3 a5 38. Nc6 a4 39. Nd4+ Ke5 40. Nxb5 Ne6 41. Nd4 Nxd4 42. cxd4+ Kd5 43. b4 axb3 44. axb3 g5 45. b4 g4 46. b5 g3 47. Ke2 g2 48. Kf2 Kxd4 49. b6 Kd3 50. b7 e3+ 51. Kxg2 e2 52. b8=Q e1=Q 53. Qb5+ Kd2 54. Qb4+ Kd1 55. Qb1+ Kd2 56. Qb4+ Kd1 57. Qb3+ Kd2 58. Qb2+ Kd1 59. Kf3 Qf1+ 60. Ke3 Qe1+ 61. Kd3 Qg3+ 62. Kc4 Qf4+ 63. Qd4+ Qxd4+ 64. Kxd4 1/2-1/2


[Site "https://www.chess.com"]

[Event "Titled Tuesday Blitz December 27 Early 2022"]
[White "Zhurbinsky, David"]
[Black "De Souza, Cristiano Gomes"]
[WhiteFideId "2072904"]
[BlackFideId "2151758"]
[WhiteElo "2045"]
[BlackElo "2018"]
[Result "1/2-1/2"]
[Round "03"]
[TimeControl "180+2"]
[Date "2022.12.27"]
[WhiteClock "0:00:08"]
[BlackClock "0:00:52"]

1. e4 c5 2. Nf3 d6 3. d4 cxd4 4. Nxd4 Nf6 5. f3 g6 6. c4 Bg7 7. Nc3 O-O 8. Be3 Nc6 9. Be2 a5 10. O-O Bd7 11. Rc1 a4 12. Qd2 Nxd4 13. Bxd4 Bc6 14. b4 axb3 15. axb3 Nd7 16. Bxg7 Kxg7 17. Kh1 Nc5 18. Qb2 f6 19. b4 Na4 20. Nxa4 Rxa4 21. Ra1 Rxa1 22. Rxa1 Qb6 23. Qc3 Qf2 24. Bf1 Bd7 25. Qc1 Rc8 26. Ra3 b5 27. Rc3 bxc4 28. Rxc4 Rxc4 29. Qxc4 Be6 30. Qb5 Kf7 31. h3 h5 32. Bc4 h4 33. Bxe6+ Kxe6 34. Qd5+ Kd7 35. Qb7+ Ke6 36. Qc8+ Kf7 37. Qc1 g5 38. Qb1 Qb6 39. b5 Ke6 40. Qb3+ Kd7 41. Qc4 Qc7 42. Qf1 Qc5 43. Qb1 Kc7 44. Qb3 Kb6 45. Qe6 Qc1+ 46. Kh2 Qf4+ 47. Kg1 Qe5 48. Qd7 Qxb5 49. Qxe7 Qc5+ 50. Kh1 Qc1+ 51. Kh2 Qf4+ 52. Kg1 Qe5 53. Qd8+ Kc5 54. Qc7+ Kd4 55. Qc2 d5 56. Qb2+ Kc5 57. Qxe5 fxe5 58. exd5 Kxd5 59. Kf2 Kd4 60. Ke2 e4 61. fxe4 Kxe4 62. Kf2 Kf4 63. Kf1 Ke3 64. Ke1 Kf4 65. Kf2 g4 66. hxg4 Kxg4 67. Kf1 Kg3 68. Kg1 Kf4 69. Kh2 Kg4 70. Kg1 Kg3 71. Kh1 Kg4 72. Kh2 Kf4 73. Kh3 Kg5 74. g4 hxg3 75. Kxg3 1/2-1/2


[Site "https://www.chess.com"]

[Event "Titled Tuesday Blitz December 27 Early 2022"]
[White "Zierk, Steven"]
[Black "Odegov, Artem"]
[WhiteFideId "2034255"]
[BlackFideId "34183644"]
[WhiteElo "2488"]
[BlackElo "2261"]
[Result "1-0"]
[Round "03"]
[TimeControl "180+2"]
[Date "2022.12.27"]
[WhiteClock "0:00:04"]
[BlackClock "0:00:02"]

1. e4 e6 2. d4 d5 3. Nc3 Bb4 4. e5 c5 5. a3 Bxc3+ 6. bxc3 Ne7 7. Qg4 cxd4 8. Qxg7 Rg8 9. Qxh7 Qc7 10. Ne2 Nbc6 11. f4 dxc3 12. Qd3 d4 13. Rb1 Bd7 14. Nxd4 Nxd4 15. Qxd4 Nf5 16. Qf2 Qc6 17. Rg1 Qd5 18. Bd3 Bc6 19. Rb3 b6 20. Rxc3 O-O-O 21. Bd2 Kb7 22. g3 Nd4 23. Kd1 Qa2 24. Bc1 Ba4 25. Qd2 Kb8 26. Rc4 Nf3 27. Qe3 Nxg1 28. Rxa4 Nh3 29. Rb4 Qd5 30. Bd2 Rd7 31. a4 Qg2 32. Kc1 Qg1+ 33. Qxg1 Nxg1 34. a5 Nf3 35. Be3 Kc8 36. axb6 axb6 37. Ra4 Nxh2 38. Ra8+ Kb7 39. Rxg8 Nf3 40. Be4+ Ka6 41. Bxf3 1-0


[Site "https://www.chess.com"]

[Event "Titled Tuesday Blitz December 27 Early 2022"]
[White "gshwbedhkhd"]
[Black "Rengifo Blancas, Renzo Jhonathan"]
[BlackFideId "3807185"]
[WhiteElo "2577"]
[BlackElo "2131"]
[Result "1/2-1/2"]
[Round "03"]
[TimeControl "180+2"]
[Date "2022.12.27"]
[WhiteClock "0:00:17"]
[BlackClock "0:00:13"]

1. e4 e5 2. Nf3 Nc6 3. Nc3 Nf6 4. a3 a6 5. d4 exd4 6. Nxd4 d5 7. exd5 Nxd5 8. Nxc6 bxc6 9. Qf3 Bd6 10. Bd3 Qe7+ 11. Ne2 O-O 12. O-O Qh4 13. g3 Qh3 14. Nd4 Bg4 15. Qg2 c5 16. Nf3 Rfe8 17. Ng5 Qxg2+ 18. Kxg2 h6 19. Ne4 Nb6 20. f3 Bd7 21. b3 Bc6 22. Be3 Be5 23. Rae1 c4 24. bxc4 Na4 25. Nc5 Nxc5 26. Bxc5 Bc3 27. Rxe8+ Rxe8 28. Kf2 g5 29. Rb1 f5 30. Bxf5 Re5 31. Rb8+ Kf7 32. Rf8+ Kg7 33. Rc8 Rxc5 34. Rxc7+ Kf6 35. Bg4 Rxc4 36. Ke3 Be5 37. Kd3 Rc5 38. Rc8 Bb5+ 39. Ke4 Rxc8 40. Bxc8 Bc3 41. f4 Bf1 42. Ke3 Bg2 43. Bxa6 Ba5 44. Bd3 Bb6+ 45. Ke2 gxf4 46. gxf4 Bc7 47. f5 Bb7 48. Ke3 Bxh2 49. a4 Bg1+ 50. Kf4 Bb6 51. c3 Ba5 52. c4 Bc6 53. Bc2 Bd7 54. Be4 Bxa4 55. c5 Bd7 56. c6 Bc8 57. Bd5 Bc7+ 58. Kg4 Ke5 59. Be6 Ba6 60. Kh5 Kf6 61. Kxh6 Bb5 62. Kh7 Bxc6 63. Kg8 Be4 64. Kh7 Be5 65. Kg8 Bf3 66. Kh7 Bh5 67. Kg8 Bd6 68. Kh7 Be8 69. Kg8 Kg5 70. Kh7 Bh5 71. Kg8 Be5 72. Kh7 Bf6 73. Bc8 Bg4 74. Be6 Bf3 75. Bd7 Bd5 76. Be6 Bc6 77. Bc8 Be8 78. Be6 Kh5 79. Bc8 Bf7 80. Be6 Be8 81. Bc8 Kg5 82. Be6 Be7 83. Bc8 Kf6 84. Be6 Bh5 85. Bc8 Bf3 86. Be6 Be4 87. Bc8 Bd5 88. Be6 Bb7 89. Bd7 Bf8 90. Be6 Bd6 91. Bd7 Be5 92. Be6 Ke7 93. Kg6 Bf6 94. Kh7 Bf3 95. Kg6 Bg4 96. Kh7 Bh5 97. Bc8 Be8 98. Be6 Bh5 99. Bc8 Bg5 100. Be6 Kf6 101. Kg8 Be8 102. Kh7 Bf4 103. Kg8 Be5 104. Kh7 Bc6 105. Kg8 Bf3 106. Kh7 Bg4 107. Kg8 Bh5 108. Kh7 Be8 109. Bc8 Ke7 110. Be6 Kf8 111. Bc8 Bf4 112. Be6 Bd6 1/2-1/2


[Site "https://www.chess.com"]

[Event "Titled Tuesday Blitz December 27 Early 2022"]
[White "Adel, Sara"]
[Black "Manon-og, Ramon Jr."]
[WhiteFideId "10616764"]
[BlackFideId "5200776"]
[WhiteElo "1739"]
[BlackElo "1999"]
[Result "1-0"]
[Round "04"]
[TimeControl "180+2"]
[Date "2022.12.27"]
[WhiteClock "0:02:34"]
[BlackClock "0:01:57"]

1. e4 e5 2. Nf3 Nf6 3. Nc3 Bc5 4. Bc4 Nc6 5. d3 O-O 6. Qe2 Ng4 7. O-O d6 8. h3 Nf6 9. Bg5 h6 10. Bh4 g5 11. Nxg5 hxg5 12. Bxg5 Nd4 13. Qd2 Nf5 14. exf5 Bxf5 15. Nd5 Qd7 16. Nxf6+ Kg7 17. Nxd7 f6 18. Bh6+ Kg6 19. Bxf8 Bxf2+ 20. Rxf2 Bxd7 21. Qh6# 1-0


[Site "https://www.chess.com"]

[Event "Titled Tuesday Blitz December 27 Early 2022"]
[White "Aghasiyev, Kamal"]
[Black "Golizadeh, Asghar"]
[WhiteFideId "13402854"]
[BlackFideId "12505269"]
[WhiteElo "2441"]
[BlackElo "2455"]
[Result "0-1"]
[Round "04"]
[TimeControl "180+2"]
[Date "2022.12.27"]
[WhiteClock "0:01:28"]
[BlackClock "0:00:59"]

1. e4 c5 2. Nf3 e6 3. d4 cxd4 4. Nxd4 a6 5. a3 Nf6 6. Nc3 Qc7 7. f4 d6 8. g4 e5 9. Nf5 g6 10. Ne3 exf4 11. Ned5 Nxd5 12. Nxd5 Qd8 13. Qd4 Qh4+ 14. Kd2 Nc6 15. Qxh8 Qf2+ 16. Be2 Nd4 17. Re1 Nf3+ 18. Kd3 Nxe1+ 19. Kc3 Qxe2 20. Bxf4 Qxc2+ 21. Kb4 Nd3+ 22. Ka5 Qc5+ 23. Ka4 Qb5# 0-1


[Site "https://www.chess.com"]

[Event "Titled Tuesday Blitz December 27 Early 2022"]
[White "Akylbekov, Nasyr"]
[Black "Sourath Biswas"]
[WhiteFideId "13800353"]
[BlackFideId "35091484"]
[WhiteElo "2239"]
[BlackElo "2281"]
[Result "1-0"]
[Round "04"]
[TimeControl "180+2"]
[Date "2022.12.27"]
[WhiteClock "0:00:16"]
[BlackClock "0:00:24"]

1. e4 c6 2. d4 d5 3. exd5 cxd5 4. c4 Nc6 5. Nc3 Nf6 6. Nf3 Bf5 7. c5 e6 8. Bb5 Nd7 9. Bf4 Be7 10. O-O O-O 11. a3 Bg4 12. Bxc6 bxc6 13. h3 Bxf3 14. Qxf3 e5 15. dxe5 Nxc5 16. b4 Ne6 17. Rfd1 Qb6 18. Bg3 a5 19. bxa5 Rxa5 20. Ne2 Rb8 21. Nf4 Qb3 22. Rd3 Qb2 23. Re1 Rxa3 24. Nxe6 Rxd3 25. Qxd3 fxe6 26. Qa6 Qb6 27. Qa4 Rf8 28. Kh2 c5 29. Qd7 Rf7 30. Qe8+ Bf8 31. f4 c4 32. Ra1 c3 33. Ra8 c2 34. Rc8 Qb3 35. Qxe6 Qb1 36. Rc7 c1=Q 37. Qxf7+ Kh8 38. Qxf8# 1-0


[Site "https://www.chess.com"]

[Event "Titled Tuesday Blitz December 27 Early 2022"]
[White "Albertini, Luca"]
[Black "Alex_Sahakyan2006"]
[WhiteFideId "847038"]
[WhiteElo "2084"]
[BlackElo "2629"]
[Result "0-1"]
[Round "04"]
[TimeControl "180+2"]
[Date "2022.12.27"]
[WhiteClock "0:00:11"]
[BlackClock "0:00:49"]

1. e4 g6 2. d4 Bg7 3. Nf3 a6 4. Be3 b5 5. c3 Bb7 6. Nbd2 Nf6 7. Bd3 Ng4 8. Qc2 Nxe3 9. fxe3 d6 10. O-O-O Nd7 11. h3 c5 12. g4 Rc8 13. Kb1 Qb6 14. Rhf1 h6 15. Nh4 cxd4 16. exd4 Bxd4 17. Ndf3 Bf6 18. e5 Nxe5 19. Nxe5 Bxe5 20. Nxg6 fxg6 21. Bxg6+ Kd8 22. Bf5 Rc4 23. Be6 Be4 24. Rd3 Bxd3 25. Qxd3 Rf4 26. Re1 Kc7 27. h4 Rhf8 28. g5 hxg5 29. hxg5 Qf2 30. Rxe5 Qf1+ 31. Qxf1 Rxf1+ 32. Kc2 dxe5 0-1


[Site "https://www.chess.com"]